 Dungeon Crawl Stone Soup version 0.29-a0-872-g797fff5ad1 (webtiles) character file.

Game seed: 2236518882615866769

19154 jrickds the Unseen (level 12, -3/59 HPs)
             Began as a Spriggan Enchanter on July 18, 2022.
             Was a Priest of Dithmenos.
             Slain by a sun demon (14 damage)
             ... on level 11 of the Dungeon.
             The game lasted 00:28:23 (13984 turns).

jrickds the Unseen (Spriggan Enchanter)            Turns: 13984, Time: 00:28:24

Health: -3/59      AC: 14    Str: 18      XL:     12   Next: 34%
Magic:  28/29      EV: 21    Int: 15 (16) God:    Dithmenos [***...]
Gold:   683        SH:  0    Dex: 15      Spells: 25/36 levels left

rFire   + . .      SeeInvis +   a - +4 dagger (flame)
rCold   . . .      Faith    .   (no shield)
rNeg    . . .      Spirit   .   y - +5 steam dragon scales
rPois   .          Reflect  .   (helmet restricted)
rElec   .          Harm     .   B - scarf {+Inv}
rCorr   .          Rampage  .   (gloves unavailable)
Will    ++...                   (boots unavailable)
Stlth   +++++++++.              q - amulet of the acrobat
HPRegen 0.19/turn               E - ring of protection from fire
MPRegen 0.21/turn               F - +6 ring of strength

@: wreathed by umbra, very quick
A: very small, no large weapons, unfitting armour, see invisible, speed 3,
iridescent scales 2, strong 1
a: Renounce Religion, Evoke Invisibility, Shadow Step


You were on level 11 of the Dungeon.
You worshipped Dithmenos.
Dithmenos was most pleased with you.
You visited 2 branches of the dungeon, and saw 16 of its levels.

You collected 683 gold pieces.

Inventory:

Hand Weapons
 a - a +4 dagger of flaming (weapon)
Missiles
 e - 31 poisoned darts (quivered)
 u - 2 throwing nets
 z - a curare-tipped dart
 C - 6 atropa-tipped darts
Armour
 y - +5 steam dragon scales (worn)
 B - a scarf of invisibility (worn)
Jewellery
 c - a ring of ice
 f - a ring of positive energy
 j - a ring of positive energy
 q - an amulet of the acrobat (around neck)
 E - a ring of protection from fire (left hand)
 F - a +6 ring of strength (right hand)
Wands
 k - a wand of mindburst (2)
 t - a wand of polymorph (4)
 w - a wand of flame (9)
 H - a wand of quicksilver (2)
Scrolls
 b - a scroll of brand weapon
 g - a scroll of poison
 h - 3 scrolls of amnesia
 m - 3 scrolls of immolation
 o - 2 scrolls of magic mapping
 p - 3 scrolls of fog
 r - 7 scrolls of teleportation
 G - a scroll of enchant armour
 M - a scroll of blinking
Potions
 i - 4 potions of brilliance
 l - a potion of curing
 s - 3 potions of lignification
 A - 2 potions of attraction
 D - 2 potions of flight
 L - a potion of mutation
Miscellaneous
 n - a lightning rod (inert)
 I - a box of beasts
 K - a phial of floods (inert)


   Skills:
 + Level 4.8 Fighting
 + Level 6.7 Short Blades
 + Level 8.3 Dodging
 + Level 15.5 Stealth
 + Level 12.8 Spellcasting
 + Level 13.0 Hexes


You had 25 spell levels left.
You knew the following spells:

 Your Spells              Type           Power      Damage    Failure   Level
a - Ensorcelled Hibernat  Hex/Ice        58%        N/A       1%          2
b - Tukima's Dance        Hex            48%        N/A       1%          3
c - Dazzling Flash        Conj/Hex       58%        N/A       1%          3
d - Confusing Touch       Hex            48%        N/A       1%          3

Your spell library contained the following spells:

 Spells                   Type           Power      Damage    Failure   Level
 Shock                    Conj/Air       36%        1d5       8%          1
 Sting                    Tmut/Pois      36%        1d4       8%          1
 Poisonous Vapours        Pois/Air       18%        N/A       11%         2
 Scorch                   Fire           18%        2d6       11%         2
 Ozocubu's Armour         Ice            9%         N/A       22%         3
 Swiftness                Air            9%         N/A       22%         3
 Airstrike                Air            4%         0-3+      58%         4
 Flame Wave               Conj/Fire      9%         2d5       58%         4
 Olgreb's Toxic Radiance  Pois           9%         N/A       58%         4
 Summon Cactus Giant      Summ           4%         N/A       100%        6
 Ozocubu's Refrigeration  Ice            4%         4d5       100%        7


Dungeon Overview and Level Annotations

Branches:
Dungeon (15/15)            Temple (1/1) D:5            Lair (0/5) D:8
    Orc: D:9-12      Vaults: D:13-14     Depths: D:15

Altars:
Cheibriados
Dithmenos
Elyvilon
Gozag
Kikubaaqudgha
Makhleb
Nemelex Xobeh
Okawaru
Ru
Uskayaw
Vehumet
Xom
Yredelemnul
Jiyva

Shops:
D:5 (

Annotations:
D:9 1 runed translucent door, capka3m's ghost, journeyman MeEE
D:10 2 transporters


Innate Abilities, Weirdness & Mutations

You are very small and have problems with some larger weapons.
You are too small for most types of armour.
You have supernaturally acute eyesight. (SInv)
You cover ground extremely quickly. (Speed+++)
You are mostly covered in iridescent scales. (AC +4)
Your muscles are strong. (Str +4, Int/Dex -1)


Message History

Things that are here:
a +0 giant club; a +0 giant spiked club You see here a +0 chain mail.
Aiming: Polymorph
Press: ? - help, Shift-Dir - straight line You can't see that place. [the floor.]
Okay, then.
Unknown command.
Aiming: Mindburst
Press: ? - help, Shift-Dir - straight line, f - sun demon
Aim: a sun demon (wandering, hasn't noticed you, chance to affect: 16%)
The sun demon shouts!
The sun demon resists with almost no effort.
Casting: Confusing Touch (safe; 1% risk of failure)
Confirm with . or Enter, or press ? or * to list all spells.
Your hands begin to glow red.
Okay, then.
The sun demon completely misses you.
You barely miss the sun demon.
The sun demon hits you but does no damage.
You hit the sun demon but do no damage. The sun demon hits you!
You are engulfed in flames!
You resist.
You hit the sun demon but do no damage. The sun demon misses you.
You hit the sun demon but do no damage. You closely miss the sun demon.
The sun demon hits you but does no damage.
You hit the sun demon but do no damage. The sun demon closely misses you.
You hit the sun demon but do no damage.
The sun demon appears confused.
The sun demon hits you!!
You are engulfed in flames!
You resist.
* * * LOW HITPOINT WARNING * * *
You puncture the sun demon!
The sun demon is lightly wounded.
You hit the sun demon.
The sun demon is lightly wounded.
The sun demon misses you.
You barely miss the sun demon.
The sun demon is lightly wounded.
The sun demon hits you!
You die...

..#.............##.#.#...........
.###......###..###.###...........
.###........#................)...
.##.................#............
.##..#..............#...........)
...>.#.#.#..)......##............
....##..##...........>...........
..##..3###...................[...
...>......)....3@................
.......[<............#...........
##..#.......##.......###..#......
...###.....##..!.........##...#.#
....###.####.....##.......##.....
.....#### ###..####.............
##..## #.## #.)........... ##.#
### ##.#..#....... ###
#######......


You could see a sun demon (confused).

Vanquished Creatures
  Fannar (D:12)
  A boulder beetle (D:15)
  2 centaur warriors (D:14)
  3 two-headed ogres (D:11)
  A soul eater (D:12)
  2 deep elf pyromancers
  3 ugly things
  2 cyclopes
  2 gargoyles
  A smoke demon (D:12)
  2 unseen horrors
  A hellwing (D:12)
  A troll (D:11)
  A komodo dragon (shapeshifter) (D:14)
  A red devil (D:12)
  A queen bee (D:11)
  2 hornets (D:10)
  A ynoxinul (D:12)
  3 wyverns
  A vampire (D:9)
  A wraith (D:10)
  A neqoxec (D:12)
  17 yaks
  2 steam dragons (D:8)
  A chaos spawn (D:12)
  2 sky beasts
  An orc warrior (D:7)
  A hornet zombie (D:6)
  13 centaurs
  3 phantoms
  A kobold brigand (D:9)
  A wyvern zombie (D:6)
  2 bullfrogs (D:8)
  3 scorpions
  A water moccasin zombie (D:6)
  3 wights (D:7)
  13 killer bees (D:11)
  2 howler monkeys
  2 bullfrog zombies (D:6)
  3 quasits (D:12)
  5 centaur zombies (D:6)
  2 jellies
  5 hounds
  3 orc priests
  2 bullfrog skeletons (D:6)
  2 iguanas (D:4)
  10 orc wizards
  A killer bee zombie (D:6)
  2 howler monkey zombies (D:6)
  7 adders
  2 howler monkey skeletons (D:6)
  2 shadow imps
  A white imp (D:7)
  An ufetubus (D:5)
  A worm (D:3)
  6 dart slugs
  17 orcs
  11 ball pythons
  9 endoplasms
  2 giant cockroaches
  7 goblins
  7 hobgoblins
  3 jackals (D:2)
  14 kobolds
  4 quokkas
  3 training dummies (D:5)
  10 bats
  4 frilled lizards (D:1)
  9 rats
257 creatures vanquished.

Vanquished Creatures (collateral kills)
  3 orc warriors
  2 centaurs (D:9)
  4 wights (D:7)
  An orc priest (D:9)
  3 orcs
  A kobold (D:9)
14 creatures vanquished.

Vanquished Creatures (others)
  6 dancing weapons
  2 centaurs (D:9)
  A demonic plant (D:12)
  10 plants (D:11)
  A withered plant (D:6)
20 creatures vanquished.

Grand Total: 291 creatures vanquished

Notes
Turn   | Place    | Note
-------+----------+-------------------------------------------
     0 | D:1      | jrickds the Spriggan Enchanter began the quest for the Orb.
     0 | D:1      | Reached XP level 1. HP: 9/9 MP: 5/5
   522 | D:1      | Reached XP level 2. HP: 13/13 MP: 7/7
   538 | D:1      | Learned a level 2 spell: Ensorcelled Hibernation
   653 | D:1      | Found a faded altar of an unknown god.
   741 | D:1      | Gained mutation: You are clumsy. (Dex -2) [potion of
                  | mutation]
   741 | D:1      | Gained mutation: You are very clumsy. (Dex -4) [potion of
                  | mutation]
   742 | D:1      | Lost mutation: You are very clumsy. (Dex -4) [potion of
                  | mutation]
   742 | D:1      | Lost mutation: You are clumsy. (Dex -2) [potion of
                  | mutation]
   742 | D:1      | Gained mutation: You have hidden genetic defects. [potion
                  | of mutation]
   742 | D:1      | Gained mutation: You occasionally lose the ability to drink
                  | potions when taking damage. [potion of mutation]
   742 | D:1      | Gained mutation: You are strong-willed. (Will+) [potion of
                  | mutation]
   891 | D:1      | Lost mutation: You are strong-willed. (Will+) [potion of
                  | mutation]
   891 | D:1      | Lost mutation: You have hidden genetic defects. [potion of
                  | mutation]
   891 | D:1      | Gained mutation: You have sharp toenails. [potion of
                  | mutation]
   891 | D:1      | Gained mutation: Potions are less effective at restoring
                  | your health. [potion of mutation]
   891 | D:1      | Gained mutation: You are partially covered in iridescent
                  | scales. (AC +2) [potion of mutation]
  1321 | D:1      | Reached XP level 3. HP: 16/16 MP: 9/9
  1325 | D:1      | Learned a level 3 spell: Tukima's Dance
  1329 | D:1      | Learned a level 3 spell: Confusing Touch
  2194 | D:2      | Reached XP level 4. HP: 21/21 MP: 11/11
  2286 | D:2      | Reached skill level 5 in Hexes
  3130 | D:3      | Lost mutation: Potions are less effective at restoring your
                  | health. [potion of mutation]
  3130 | D:3      | Lost mutation: You have sharp toenails. [potion of
                  | mutation]
  3130 | D:3      | Gained mutation: Your muscles are strong. (Str +4, Int/Dex
                  | -1) [potion of mutation]
  3130 | D:3      | Gained mutation: You are mostly covered in iridescent
                  | scales. (AC +4) [potion of mutation]
  3130 | D:3      | Lost mutation: You occasionally lose the ability to drink
                  | potions when taking damage. [potion of mutation]
  3194 | D:3      | Reached skill level 5 in Spellcasting
  3194 | D:3      | Reached XP level 5. HP: 18/24 MP: 9/13
  3281 | D:3      | Found a basalt altar of Yredelemnul.
  3953 | D:4      | Reached skill level 5 in Stealth
  4300 | D:4      | Reached XP level 6. HP: 28/28 MP: 15/15
  4431 | D:5      | Entered Level 5 of the Dungeon
  4434 | D:5      | Identified the +7 flail "Qilapogg" {vorpal, Int+2}
  4458 | D:5      | Found a staircase to the Ecumenical Temple.
  4485 | Temple   | Entered the Ecumenical Temple
  4511 | Temple   | Became a worshipper of Dithmenos the Shadowed
  4743 | D:5      | Reached skill level 6 in Stealth
  4771 | D:5      | Found an opulent altar of Gozag.
  4791 | D:5      | Noticed a sky beast
  4808 | D:5      | Killed a sky beast
  4876 | D:5      | Reached XP level 7. HP: 32/32 MP: 17/17
  4966 | D:5      | Found Giucemuf's Firing Range.
  5065 | D:5      | Found a burning altar of Makhleb.
  5201 | D:5      | Noticed a yak
  5201 | D:5      | Noticed a yak
  5203 | D:5      | Noticed a yak
  5204 | D:5      | Noticed a yak
  5204 | D:5      | Noticed a yak
  5204 | D:5      | Noticed a yak
  5220 | D:5      | Killed a yak
  5221 | D:5      | Reached skill level 7 in Stealth
  5591 | D:6      | Reached skill level 8 in Stealth
  5699 | D:6      | Reached * piety under Dithmenos
  5702 | D:6      | Reached XP level 8. HP: 15/36 MP: 18/20
  6050 | D:6      | Reached skill level 9 in Stealth
  6531 | D:7      | Reached skill level 10 in Stealth
  6704 | D:7      | Reached ** piety under Dithmenos
  6953 | D:7      | Reached XP level 9. HP: 39/39 MP: 12/23
  7181 | D:7      | Reached skill level 11 in Stealth
  7709 | D:8      | Reached skill level 10 in Hexes
  7949 | D:8      | Found a shimmering altar of Xom.
  8007 | D:8      | Found a sparkling altar of Nemelex Xobeh.
  8028 | D:8      | Reached skill level 10 in Spellcasting
  8077 | D:8      | Reached skill level 12 in Stealth
  8221 | D:8      | Found a snail-covered altar of Cheibriados.
  8374 | D:8      | Found a staircase to the Lair.
  8487 | D:9      | Noticed a gargoyle
  8490 | D:9      | Killed a gargoyle
  8653 | D:9      | Reached XP level 10. HP: 30/44 MP: 6/25
  8936 | D:9      | Found a runed translucent door.
  8940 | D:9      | Noticed capka3m's ghost (journeyman MeEE)
  9234 | D:9      | Found a white marble altar of Elyvilon.
  9356 | D:9      | Reached skill level 13 in Stealth
  9482 | D:9      | Reached skill level 1 in Fighting
  9821 | D:10     | Entered Level 10 of the Dungeon
  9870 | D:10     | Found a hide-covered altar of Uskayaw.
  9888 | D:10     | Learned a level 3 spell: Dazzling Flash
  9927 | D:10     | Reached *** piety under Dithmenos
 10047 | D:10     | Found a sacrificial altar of Ru.
 10258 | D:10     | Found a transporter.
 10271 | D:10     | Found a viscous altar of Jiyva.
 10271 | D:10     | Found a transporter.
 10271 | D:10     | Noticed an eye of devastation
 10273 | D:10     | Noticed an eye of devastation
 10521 | D:10     | Reached skill level 5 in Dodging
 10701 | D:11     | Noticed a gargoyle
 11008 | D:11     | Killed a gargoyle
 11009 | D:11     | Reached XP level 11. HP: 32/51 MP: 22/27
 11030 | D:11     | Noticed a two-headed ogre
 11034 | D:11     | Reached skill level 14 in Stealth
 11080 | D:11     | Noticed a two-headed ogre
 11257 | D:11     | Killed a two-headed ogre
 11282 | D:11     | Killed a two-headed ogre
 11695 | D:11     | Reached skill level 5 in Short Blades
 11749 | D:11     | Noticed a two-headed ogre
 11762 | D:11     | Killed a two-headed ogre
 11903 | D:11     | Noticed a purple ugly thing
 11918 | D:11     | Killed a purple ugly thing
 12044 | D:11     | Reached **** piety under Dithmenos
 12391 | D:12     | Noticed a brown ugly thing
 12395 | D:12     | Killed a brown ugly thing
 12433 | D:12     | Noticed Fannar
 12435 | D:12     | You fall into a shaft and drop 3 floors!
 12435 | D:15     | Entered Level 15 of the Dungeon
 12460 | D:15     | Noticed a boulder beetle
 12469 | D:15     | Killed a boulder beetle
 12476 | D:15     | Noticed a deep elf pyromancer
 12487 | D:15     | Killed a deep elf pyromancer
 12488 | D:15     | Reached skill level 15 in Stealth
 12722 | D:15     | Noticed a deep elf pyromancer
 12793 | D:14     | Noticed a deep elf pyromancer
 12801 | D:14     | Killed a deep elf pyromancer
 12807 | D:14     | Reached XP level 12. HP: 56/58 MP: 13/29
 12945 | D:14     | Noticed a centaur warrior
 12948 | D:14     | Killed a centaur warrior
 12948 | D:14     | Noticed a centaur warrior
 12977 | D:14     | Killed a centaur warrior
 13320 | D:12     | Killed Fannar
 13984 | D:11     | Slain by a sun demon

Illustrated notes

Levels and vault maps discovered:
D:1:      matt_arrival_grand_opening, layout_basic,
          dreamdust_ecumenical_altar_angels_and_demons, interstate_on_off,
          minmay_tromino_mix6
D:2:      minmay_chambers_of_twos, layout_basic
D:3:      layout_rooms, mainiacjoe_overflow_24_doors
D:4:      layout_gridville, minivault_14, kennysheep_generic_room_14
D:5:      layout_basic, kennysheep_little_box, mainiacjoe_overflow_boulevard,
          minmay_temple_entry_slanted, nicolae_shop_firing_range
D:6:      layout_rooms, serial_undead, serial_undead_e, serial_undead_c,
          serial_undead_d, serial_undead_f, serial_undead_c, serial_undead_a,
          serial_undead_e
D:7:      minmay_angry_zag, layout_basic, minmay_misc_feat_more_columns
D:8:      layout_basic, mainiacjoe_overflow_alcove_2,
          nemelex_xobeh_ov_fountains_minmay,
          mainiacjoe_overflow_surrounded_room, lair_entry_dummy
D:9:      layout_cave_pods, lemuel_round_altar, hellmonk_ghost_happy_afterlife,
          centaur_isle
D:10:     gammafunk_jiyva_shrine, layout_rooms,
          mainiacjoe_overflow_small_starburst, mainiacjoe_overflow_paths,
          minivault_1
D:11:     layout_cave_pools, nicolae_looking_at_the_future
D:12:     layout_rooms, erik_orc_4, serial_demonic, serial_demonic_c,
          serial_demonic_d, serial_demonic_g, serial_demonic_a,
          serial_demonic_b, serial_demonic_a, serial_demonic_f,
          serial_demonic_d, serial_demonic_b, serial_demonic_a, uniq_fannar
D:13:     layout_loops_corners, hangedman_decor_clover_reticule,
          minmay_stone_trees_large
D:14:     layout_rooms, david_vaults_4, nicolae_two_hexagons, uniq_agnes
D:15:     grunt_enter_depths_giant_problem, layout_basic, hangedman_glass_teeth,
          uniq_louise
Temple:   oiseaux_autumnal_temple

Skill      XL: |  1  2  3  4  5  6  7  8  9 10 11 12 |
---------------+-------------------------------------+-----
Spellcasting   | 3 4 5 6 7 9 10 11 12 | 12.8
Hexes          | 4 5 6 7 9 10 11 12 13 | 13.0
Stealth        | 5 6 8 10 12 13 15 | 15.5
Dodging        | 5 7 8 |  8.3
Fighting       | 2 4 |  4.8
Short Blades   | 4 6 |  6.7

Action                   |  1- 3 |  4- 6 |  7- 9 | 10-12 || total
-------------------------+-------+-------+-------+-------++-------
Melee: Dagger            |   113 |   127 |   279 |   183 ||   702
       Kick              |    10 |    15 |       |       ||    25
       Punch             |       |     4 |     4 |     1 ||     9
 Cast: Ensorcelled Hiber |     3 |    13 |    15 |   103 ||   134
       Tukima's Dance    |       |     1 |    24 |    23 ||    48
       Confusing Touch   |       |       |    14 |     7 ||    21
Invok: Shadow Step       |       |       |       |     3 ||     3
Evoke: Wand              |       |       |     5 |    12 ||    17
       Lightning rod     |       |       |       |     6 ||     6
       Phial of floods   |       |       |       |     1 ||     1
  Use: Scroll            |     9 |     5 |    10 |     6 ||    30
       Potion            |     3 |     1 |     3 |    16 ||    23
 Stab: Sleeping          |    14 |    23 |    29 |    64 ||   130
       Distracted        |       |     1 |       |       ||     1
       Confused          |       |       |    11 |     6 ||    17
       Invisible         |       |       |     1 |     1 ||     2
Armor: Robe              |    12 |    16 |    33 |       ||    61
       Steam dragon scal |       |       |    18 |    90 ||   108
Dodge: Dodged            |    73 |    76 |   229 |   366 ||   744

Table legend: (Time is in decaauts)
 A = Elapsed time spent in this place.
 B = Non-inter-level travel time spent in this place.
 C = Inter-level travel time spent in this place.
 D = Time resting spent in this place.
 E = Time spent auto-exploring this place.
 F = Levels seen in this place.
 G = Mean time per level.
                   A        B        C        D        E       F      G
               +--------+--------+--------+--------+--------+-----+--------+
         Total |  11029 |  10711 |    318 |   1956 |   6636 |  16 |  689.3 |
       Dungeon |  11003 |  10695 |    308 |   1956 |   6630 |  15 |  733.5 |
        Temple |     26 |     16 |     10 |      0 |      6 |   1 |   26.0 |
               +--------+--------+--------+--------+--------+-----+--------+

Top non-repeatable levels by time:
    D:11: 1559 daAuts
     D:6: 1275 daAuts
    D:10: 1222 daAuts
     D:1: 1207 daAuts
     D:9: 1019 daAuts
     D:4: 768 daAuts
     D:2: 706 daAuts
     D:7: 694 daAuts
     D:8: 675 daAuts
     D:3: 647 daAuts
     D:5: 565 daAuts
    D:15: 292 daAuts
    D:12: 199 daAuts
    D:14: 159 daAuts
  Temple: 26 daAuts
